 Dungeon Crawl Stone Soup version 0.31-a0-259-g771a54ca4b (webtiles) character file.

Game seed: 13364740979864904525

713 qw the Shooter (level 7, -3/43 HPs)
             Began as a Gargoyle Hexslinger on July 13, 2023.
             Slain by an iguana (11 damage)
             ... on level 5 of the Dungeon.
             The game lasted 00:01:30 (3003 turns).

qw the Shooter (Gargoyle Hexslinger)                Turns: 3003, Time: 00:01:31

Health: -3/43      AC: 15    Str: 11    XL:     7   Next: 69%
Magic:  8/8        EV: 10    Int: 14    God:
Gold:   112        SH:  5    Dex: 14    Spells: 7/8 levels left

rFire   . . .        Y - +1 sling
rCold   . . .        (no shield)
rNeg    + . .        c - +0 ring mail
rPois   inf          b - +2 helmet
rElec   +            l - +0 cloak
rCorr   +            (no gloves)
SInv    .            m - +0 pair of boots
Will    .....        d - amulet of reflection
Stlth   +            k - ring of resist corrosion
HPRegen 0.27/turn    n - +4 ring of slaying {mikee}
MPRegen 0.11/turn

%: reflection
@: no status effects
A: sickness immunity, AC +4, negative energy resistance 1, electricity
resistance, torment resistance 1, petrification resistance
a: no special abilities


You were on level 5 of the Dungeon.
You visited 1 branch of the dungeon, and saw 5 of its levels.

You collected 226 gold pieces.
You spent 114 gold pieces at shops.


Innate Abilities, Weirdness & Mutations

You are immune to sickness and miasma.
Your stone body is resilient. (AC +4)
You are immune to poison.
You resist negative energy. (rN+)
You are resistant to electric shocks. (rElec)
You are resistant to unholy torment.
You are immune to petrification.


   Skills:
 - Level 4.0 Fighting
 + Level 7.2 Ranged Weapons
 - Level 2.1 Armour
 - Level 1.5 Dodging
 - Level 1.0 Spellcasting
 - Level 2.6 Hexes


You had 7 spell levels left.
You knew the following spells:

 Your Spells              Type           Power      Damage    Failure   Level
a - Slow                  Hex            32%        N/A       21%         1

Your spell library contained the following spells:

 Spells                   Type           Power      Damage    Failure   Level
 Inner Flame              Hex/Fire       4%         N/A       71%         3
 Portal Projectile        Hex/Tloc       8%         N/A       71%         3
 Cause Fear               Hex            4%         N/A       90%         4

Inventory:

Hand Weapons
 Y - a +1 sling (weapon)
Armour
 b - a +2 helmet (worn)
 c - a +0 ring mail (worn)
 l - a +0 cloak (worn)
 m - a +0 pair of boots (worn)
Jewellery
 d - an amulet of reflection (around neck)
 k - a ring of resist corrosion (left hand)
 n - a +4 ring of slaying (right hand) {mikee}
Scrolls
 a - a scroll of identify
 f - a scroll of teleportation
Potions
 g - a potion of mutation
 i - a potion of heal wounds {unknown}
 j - a potion of resistance
 o - a potion of cancellation {unknown}

Dungeon Overview and Level Annotations

Branches:
Dungeon (5/15)
 Temple: D:4-7

Altars:
Uskayaw

Shops:
D:3 ?

Annotations:
D:3 Grinder
D:5 Pikel


Message History

The lemure shouts!
The sling bullet hits the ice beast!
You kill the ice beast!
You hear the rusting of a distant drain.
Pikel zaps a wand.
The bolt of dispelling energy misses you.
Your Ranged Weapons skill increases to level 7!
You shoot a sling bullet. The sling bullet hits Pikel.
Pikel is lightly wounded.
You shoot a sling bullet. The sling bullet closely misses Pikel.
Pikel zaps a wand.
The bolt of dispelling energy hits you!
You shoot a sling bullet. The sling bullet barely misses Pikel.
You shoot a sling bullet. The sling bullet hits Pikel.
Pikel is lightly wounded.
You hear an angry hiss.
Pikel zaps a wand.
The bolt of dispelling energy hits you!!
Ouch! That really hurt!
The lemure hits you but does no damage.
You hear a shout! x2
You shoot a sling bullet.
The sling bullet hits Pikel but does no damage.
Pikel is lightly wounded.
Pikel hits you but does no damage. You block the lemure's attack.
An iguana comes into view.
You shoot a sling bullet. The sling bullet misses Pikel.
Pikel zaps a wand.
The bolt of dispelling energy misses you.
The lemure barely misses you.
You shoot a sling bullet. The sling bullet hits Pikel!
Pikel is moderately wounded.
Pikel hits you but does no damage.
A lemure comes into view.
The lemure hits you. The lemure barely misses you.
Pikel hits you but does no damage.
You shoot a sling bullet. The sling bullet barely misses Pikel.
Pikel hits you with a +2 whip of electrocution.
A lemure comes into view.
The iguana bites you!
You die...

##.#_)......#
..#......#.##
#............ .##
#............ ...#
.##..8.8.8.).###.#.#
.............##....#
#.....{.#.....#..#
#..o.<.o#..##....###
........).#.@l.#.#...
#####.$....5K#.#.#.#
##.........55).###
#.####....###.%.# #.
.......##..#<# ##
####.#.##.##.#
#.#.##.##.#
#.#.##.##.#
#.#.##.....


You could see Pikel, 3 lemures and an iguana.

Vanquished Creatures
  Sigmund (D:4)
  An ice beast (D:5)
  A howler monkey (D:5)
  2 hounds
  An orc priest (D:4)
  A sleepcap (D:4)
  Jessica (D:2)
  An iguana (D:5)
  5 orc wizards (D:4)
  4 adders
  11 orcs
  7 bats
  10 endoplasms
  3 giant cockroaches
  7 goblins
  8 hobgoblins
  9 jackals
  3 quokkas
  5 ball pythons
  5 frilled lizards
  4 kobolds
  8 rats
98 creatures vanquished.

Notes
Turn   | Place    | Note
-------+----------+-------------------------------------------
     0 | D:1      | qw the Gargoyle Hexslinger began the quest for the Orb.
     0 | D:1      | Reached XP level 1. HP: 12/12 MP: 2/2
     0 | D:1      | 0 ||| qw: Version: 0.3-a-52-g30416fa
     0 | D:1      | 0 ||| qw: Game counter: 6920
     0 | D:1      | 0 ||| qw: Melee chars always use a shield: true
     0 | D:1      | 0 ||| qw: God list: Okawaru
     0 | D:1      | 0 ||| qw: Allow faded altars: false
     0 | D:1      | 0 ||| qw: Do Orc after clearing Dungeon:15 true
     0 | D:1      | 0 ||| qw: Do second Lair branch before Depths: true
     0 | D:1      | 0 ||| qw: Lair rune preference: random
     0 | D:1      | 0 ||| qw: Goals: Normal
     0 | D:1      | 0 ||| PLANNING D:1-11
   185 | D:1      | Reached XP level 2. HP: 16/16 MP: 3/3
   247 | D:1      | Reached skill level 3 in Ranged Weapons
   373 | D:1      | Reached XP level 3. HP: 21/21 MP: 4/4
   489 | D:1      | 489 ||| UPGRADING to amulet of reflection.
   494 | D:1      | 494 ||| DROPPING amulet of magic regeneration.
   495 | D:1      | 495 ||| DROPPING ring of wizardry.
   496 | D:1      | 496 ||| READING scroll labelled TAGOH OLUNN.
   497 | D:1      | 497 ||| DRINKING 2 bubbling cyan potions.
   498 | D:1      | 498 ||| DROPPING scroll of poison.
   760 | D:2      | Reached XP level 4. HP: 22/26 MP: 5/5
   878 | D:2      | Noticed Jessica
   881 | D:2      | Killed Jessica
   882 | D:2      | Reached skill level 4 in Ranged Weapons
  1201 | D:2      | 1201 ||| UPGRADING to +1 helmet.
  1206 | D:2      | 1206 ||| UPGRADING to +0 leather armour.
  1216 | D:2      | 1216 ||| DROPPING +0 robe.
  1217 | D:2      | 1217 ||| UPGRADING to +0 cloak.
  1222 | D:2      | 1222 ||| UPGRADING to ring of resist corrosion.
  1223 | D:2      | 1223 ||| READING 2 scrolls labelled JIQIN LEECOAL.
  1241 | D:3      | 1241 ||| STAIRDANCE
  1402 | D:3      | Reached XP level 5. HP: 30/30 MP: 6/6
  1454 | D:3      | Found a faded altar of an unknown god.
  1806 | D:3      | Found The Oracle's Delphic Readings.
  1810 | D:3      | 1810 ||| BUYING scroll of enchant armour (90 gold).
  1810 | D:3      | Bought a scroll of enchant armour for 90 gold pieces
  1810 | D:3      | 1810 ||| BUYING scroll of identify (24 gold).
  1810 | D:3      | Bought a scroll of identify for 24 gold pieces
  1810 | D:3      | 1810 ||| READING scroll of enchant armour.
  1810 | D:3      | 1810 ||| ENCHANTING +1 helmet.
  1917 | D:3      | 1917 ||| UPGRADING to +0 ring mail.
  1927 | D:3      | 1927 ||| DROPPING +0 leather armour.
  1928 | D:3      | 1928 ||| UPGRADING to +0 pair of boots.
  1933 | D:3      | 1933 ||| UPGRADING to +4 ring of slaying {mikee}.
  1934 | D:3      | 1934 ||| READING 2 scrolls of identify.
  1934 | D:3      | 1934 ||| IDENTIFYING fizzy silvery potion
  1940 | D:4      | Noticed Sigmund
  1943 | D:4      | Noticed Grinder
  1948 | D:4      | 1948 ||| STAIRDANCE
  1962 | D:3      | HP: 6/30 [Grinder/nerve-wracking pain (7)]
  1963 | D:3      | 1963 ||| READING 3 scrolls of teleportation.
  2073 | D:4      | 2073 ||| STAIRDANCE
  2077 | D:3      | Reached skill level 1 in Armour
  2113 | D:4      | Killed Sigmund
  2114 | D:4      | Reached skill level 6 in Ranged Weapons
  2114 | D:4      | Reached XP level 6. HP: 20/35 MP: 7/7
  2198 | D:4      | Identified the +0 leather armour "Vysasaro" {rElec}
  2328 | D:4      | Reached skill level 3 in Fighting
  2405 | D:4      | Reached XP level 7. HP: 41/41 MP: 8/8
  2622 | D:4      | 2622 ||| DROPPING +0 leather armour "Vysasaro" {rElec}.
  2623 | D:4      | 2623 ||| READING scroll labelled QUODUH BEMI.
  2624 | D:4      | 2624 ||| READING scroll labelled HERURE ILUMEOGH.
  2725 | D:4      | 2725 ||| DRINKING 2 fizzy red potions.
  2744 | D:5      | Entered Level 5 of the Dungeon
  2744 | D:5      | Found a hide-covered altar of Uskayaw.
  2745 | D:5      | 2745 ||| PLANNING SEWER
  2750 | D:5      | 2750 ||| STAIRDANCE
  2752 | D:5      | 2752 ||| STAIRDANCE
  2754 | D:5      | 2754 ||| STAIRDANCE
  2756 | D:4      | HP: 7/41 [orc wizard/magic dart (7)]
  2757 | D:4      | 2757 ||| READING 2 scrolls of teleportation.
  2759 | D:4      | 2759 ||| DRINKING potion of curing.
  2759 | D:4      | 2759 ||| (to cure confusion)
  2900 | D:5      | 2900 ||| FLEEEEING.
  2901 | D:5      | 2901 ||| STAIRDANCE
  2954 | D:5      | 2954 ||| STAIRDANCE
  2988 | D:5      | Noticed Pikel
  2995 | D:5      | Reached skill level 7 in Ranged Weapons
  3003 | D:5      | HP: 8/43 [Pikel/+2 whip of electrocution (5)]
  3003 | D:5      | Slain by an iguana

Levels and vault maps discovered:
D:1:      erik_arrival_orb_chamber, layout_basic
D:2:      minmay_chambers_of_twos, layout_loops_ring, uniq_jessica
D:3:      layout_loops_ring, ebering_ecumenical_altar_hall,
          nicolae_nh_oracle_at_delphi
D:4:      layout_cave_pools, uniq_grinder, uniq_sigmund
D:5:      layout_loops_ring, eat_drink_and_be_merry_uskayaw,
          gup_sewer_entry_bubbles, nicolae_elevator_lobby_asterisk, uniq_pikel,
          uniq_ijyb, uniq_menkaure, uniq_duvessa

Skill      XL: |  1  2  3  4  5  6  7 |
---------------+----------------------+-----
Ranged Weapons | 3 4 6 7 |  7.2
Fighting       | 2 3 4 |  4.0
Armour         | 1 2 |  2.1
Dodging        | |  1.5
Spellcasting   | |  1.0
Hexes          | |  2.6

Action                     |  1- 3 |  4- 6 |  7- 9 || total
---------------------------+-------+-------+-------++-------
   Fire: Sling             |   108 |   188 |    78 ||   374
    Use: Scroll            |     1 |     4 |     3 ||     8
         Potion            |     1 |       |     2 ||     3
 Armour: Robe              |    18 |       |       ||    18
         Leather armour    |       |    14 |       ||    14
         Ring mail         |       |    23 |    56 ||    79
  Dodge: Dodged            |    46 |    35 |    50 ||   131
  Block: Other             |     4 |    17 |    12 ||    33
         Reflection        |       |     1 |       ||     1

Table legend:
 A = Non-vault XP
 B = Vault XP
 C = Vault XP percentage of total XP
 D = Non-vault monster count
 E = Vault monster count
 F = Vault count percentage of total count
                 A         B        C        D         E       F
            +---------+---------+-------+---------+---------+-------
      Total |     730 |     289 |  28.4 |      86 |      12 |  12.2
            +---------+---------+-------+---------+---------+-------
        D:1 |      45 |       0 |   0.0 |      26 |       0 |   0.0
        D:2 |      26 |      62 |  70.5 |       8 |       9 |  52.9
        D:3 |      93 |       4 |   4.1 |      24 |       2 |   7.7
        D:4 |     299 |     223 |  42.7 |      21 |       1 |   4.5
        D:5 |     267 |       0 |   0.0 |       7 |       0 |   0.0
            +---------+---------+-------+---------+---------+-------
